 Dungeon Crawl Stone Soup version 0.29.1-1-gd02db6906a (webtiles) character file.

Game seed: 10570972131325833254

16428 Pooter the Cleaver (level 12, 0/108 HPs)
             Began as a Minotaur Berserker on Oct 5, 2022.
             Was a Priest of Trog.
             Slain by a tyrant leech (9 damage)
             ... on level 2 of the Lair of Beasts on Oct 7, 2022.
             The game lasted 01:07:30 (12274 turns).

Pooter the Cleaver (Minotaur Berserker)            Turns: 12274, Time: 01:07:31

Health: 0/108      AC:  8    Str: 31    XL:     12   Next: 10%
Magic:  11/11      EV: 10    Int:  4    God:    Trog [***...]
Gold:   656        SH:  9    Dex: 12    Spells: 11/11 levels left

rFire   . . .      SeeInvis +   a - +4 war axe (freeze)
rCold   + + +      Faith    .   x - +0 kite shield
rNeg    . . .      Spirit   .   p - +4 skin of Zhor {*Englaciate rC+++ SInv}
rPois   +          Reflect  .   (helmet restricted)
rElec   .          Harm     .   q - +0 cloak
rCorr   .          Rampage  .   (no gloves)
Will    ++...                   B - +0 pair of boots
Stlth   +.........              (no amulet)
HPRegen 1.28/turn               P - ring of poison resistance
MPRegen 0.12/turn               S - +6 ring of strength

@: strong-willed (expiring), on berserk cooldown, regenerating (expiring),
slowed, very slow
A: horns 2, retaliatory headbutt
a: Renounce Religion, Berserk, Trog's Hand


You were on level 2 of the Lair of Beasts.
You worshipped Trog.
Trog was most pleased with you.
You visited 2 branches of the dungeon, and saw 12 of its levels.

You collected 656 gold pieces.


Innate Abilities, Weirdness & Mutations

You have a pair of horns on your head.
You reflexively headbutt those who attack you in melee.


   Skills:
 + Level 10.9 Fighting
 * Level 12.9(14.2) Axes
 - Level 9.7(12.6) Polearms
 * Level 9.9 Ranged Weapons
 + Level 4.2 Armour
 - Level 2.1 Dodging
 + Level 4.3 Shields
 - Level 6.0 Evocations


You had 11 spell levels left.
You didn't know any spells.
Your spell library was empty.

Inventory:

Hand Weapons
 a - a +4 war axe of freezing (weapon)
 b - a +0 sling of flaming
 t - a +2 whip of flaming
 C - a +0 shortbow
 Q - a +0 glaive
Missiles
 d - 119 stones
 e - 18 poisoned darts (quivered)
 l - 2 javelins
Armour
 i - a +2 chain mail of poison resistance
 k - the +7 Kryia's mail coat {PotionHeal*2 rC+}
   (You found it on level 2 of the Dungeon)

   Potions are twice as effective at healing its wearer.
   rC:        It protects you from cold.
 p - the +4 skin of Zhor (worn) {*Englaciate rC+++ SInv}
   (You found it on level 2 of the Dungeon)

   It radiates cold, occasionally slowing all nearby creatures who are not
   resistant to cold.
   rC:        It renders you almost immune to cold.
   SInv:      It lets you see invisible.
 q - a +0 cloak (worn)
 x - a +0 kite shield (worn)
 B - a +0 pair of boots (worn)
Jewellery
 E - a +4 ring of evasion
 J - the ring of Elediaff {+Blink rN+ Will+ Str-4}
   (You found it on level 7 of the Dungeon)

   [ring of willpower]

   Str:       It affects your strength (-4).
   rN:        It protects you from negative energy.
   +Blink:    It lets you blink.
   Will:      It increases your willpower.
 N - a ring of positive energy
 P - a ring of poison resistance (left hand)
 S - a +6 ring of strength (right hand)
 W - a ring of willpower
Wands
 s - a wand of digging (6)
 w - a wand of flame (21)
 I - a wand of iceblast (4)
 K - a wand of charming (17)
 M - a wand of polymorph (10)
Scrolls
 c - 3 scrolls of fog
 f - 3 scrolls of blinking
 g - a scroll of torment {unknown}
 h - 2 scrolls of immolation {unknown}
 m - 5 scrolls of enchant armour
 n - a scroll of silence {!r}
 o - 9 scrolls of teleportation {unknown}
 y - a scroll of magic mapping
 z - a scroll of noise
 G - a scroll of summoning
Potions
 j - 3 potions of curing {@q1}
 r - 6 potions of might
 u - 5 potions of lignification
 v - 4 potions of attraction {unknown}
 A - a potion of invisibility {unknown}
 D - 4 potions of flight {unknown}
 F - 5 potions of mutation {unknown}
 H - a potion of berserk rage {unknown}
 L - 2 potions of heal wounds {unknown}
 O - a potion of magic {unknown}

Dungeon Overview and Level Annotations

Branches:
Dungeon (10/15)            Temple (0/1) D:7            Lair (2/5) D:9
  Swamp (0/4) Lair:2
  Snake: Lair:2-3    Spider: Lair:2-3       Orc: D:9-12

Altars:
Cheibriados
Nemelex Xobeh
Ru
Wu Jian
Xom

Shops:
D:3 [

Annotations:
D:3 1 runed translucent door, Crazy Yiuf

##..#.......#P...#.#...##...#.##P
#................###...#....##...
#............#..##.....##...##...
##..........##..##..........#....
#.##.......♣♣..#......##........
#.#.###...♣♣♣♣♣♣#P#P.###...PP...
#.#####+##♣♣§§§♣♣###..P....##.##
##.........♣§§§§♣♣..........#####
#..........♣§§§w@................
##.........♣♣§§§~♣...............
#.........♣♣§~§♣♣.......<.......
#..........♣♣♣♣♣................
#...............................
##...###.##........#.+##.#.......
#......#.###......#...####...##..
##...##...##.......##.P##P...P...
#...##...P#......#.#....'.......


You could see a tyrant leech.


Message History

You kill the tyrant leech!
Trog accepts your kill.
You hit the tyrant leech. You freeze the tyrant leech.
The tyrant leech bites you!
* * * LOW HITPOINT WARNING * * *
The tyrant leech draws strength from your injuries!
Unknown command.
You miss the tyrant leech. You headbutt the tyrant leech!
The tyrant leech is moderately wounded.
You feel the effects of Trog's Hand fading.
Your unstable footing causes you to fumble your attack.
The tyrant leech bites you!
* * * LOW HITPOINT WARNING * * *
The tyrant leech draws strength from your injuries!
Unknown command.
You slice the tyrant leech!! You freeze the tyrant leech!
The tyrant leech is almost dead.
Your unstable footing causes you to fumble your attack.
The tyrant leech bites you!!
* * * LOW HITPOINT WARNING * * *
The tyrant leech draws strength from your injuries!
Your unstable footing causes you to fumble your attack.
Your unstable footing causes you to fumble your attack.
You are no longer berserk.
You are exhausted.
You feel yourself slow down. You block the tyrant leech's attack.
Your unstable footing causes you to fumble your attack.
The tyrant leech bites you!
You die...

Skill      XL: |  1  2  3  4  5  6  7  8  9 10 11 |
---------------+----------------------------------+-----
Axes           | 4 5 6 7 8 10 12 | 12.9
Fighting       | 4 5 6 7 8 9 10 | 10.9
Ranged Weapons | 1 2 4 5 6 8 9 |  9.9
Polearms       | 1 2 4 5 7 9 |  9.7
Evocations     | 2 3 5 6 |  6.0
Shields        | 4 |  4.3
Armour         | 4 |  4.2
Dodging        | |  2.1

Action                   |  1- 3 |  4- 6 |  7- 9 | 10-12 || total
-------------------------+-------+-------+-------+-------++-------
Melee: Hand axe          |    15 |       |       |       ||    15
       Headbutt          |     8 |    14 |    22 |    47 ||    91
       Mace              |    39 |       |       |       ||    39
       Glaive            |    14 |   136 |   166 |    25 ||   341
       War axe           |       |       |       |   236 ||   236
       Unarmed           |       |       |       |    15 ||    15
 Fire: Sling             |    13 |    30 |    25 |    64 ||   132
       Shortbow          |       |       |    20 |    38 ||    58
Throw: Javelin           |       |     2 |       |       ||     2
       Dart              |       |       |       |     8 ||     8
Invok: Berserk           |     1 |     4 |     3 |     5 ||    13
       Trog's Hand       |       |     2 |     5 |    10 ||    17
Evoke: Wand              |       |       |     5 |    10 ||    15
  Use: Scroll            |     3 |     2 |     5 |    12 ||    22
       Potion            |       |       |       |     1 ||     1
 Stab: Sleeping          |       |       |     1 |       ||     1
       Betrayed ally     |       |       |       |     2 ||     2
Armor: Animal skin       |    10 |    39 |    25 |    34 ||   108
       Scale mail        |    26 |       |       |       ||    26
Dodge: Dodged            |    43 |   122 |   102 |   132 ||   399
Block: Kite shield       |       |       |       |    62 ||    62

Levels and vault maps discovered:
D:1:      nagdon_arrival_zigzag_paths, layout_loops_corners,
          shapermc_ecumenical_altar_mp_ritualfount
D:2:      layout_rooms, grunt_ministairs_10, grunt_decor_fettered,
          serial_park_tiny_1, minmay_lizard_king
D:3:      layout_rooms, lemuel_round_altar, serial_shops,
          nicolae_shop_statue_plus, chequers_serial_rivers_micro_e,
          uniq_crazy_yiuf_cottage, uniq_robin, uniq_jessica
D:4:      layout_cave_pools, uniq_pikel
D:5:      layout_basic, minmay_misc_feat_diagonals, corexii_hall_statues_u,
          kennysheep_big_empty_room, minmay_misc_feat_rugged, kennysheep_boxes,
          uniq_menkaure
D:6:      layout_rooms, xom_redecorated, lemuel_coloured_pillars_altar,
          uniq_duvessa
D:7:      layout_loops_ring, mainiacjoe_overflow_six_doors_small,
          minmay_temple_entry_butterflies, chequers_serial_rivers_micro_b
D:8:      lemuel_ice_spiral_2, layout_basic,
          nicolae_ru_great_annihilating_truth, minmay_diced_spiral, uniq_psyche,
          uniq_maurice
D:9:      layout_basic, grunt_lair_entry_orc_guard_hut, uniq_prince_ribbit1
D:10:     layout_roguey, uniq_joseph
Lair:1:   layout_small_grid
Lair:2:   layout_regular_city, minmay_swamp_entry_worms, grunt_megastairs_1,
          uniq_urug

Notes
Turn   | Place    | Note
-------+----------+-------------------------------------------
     0 | D:1      | Pooter the Minotaur Berserker began the quest for the Orb.
     0 | D:1      | Reached XP level 1. HP: 19/19 MP: 0/0
   176 | D:1      | Reached skill level 4 in Axes
   325 | D:1      | Reached XP level 2. HP: 27/27 MP: 1/1
   415 | D:1      | Found a faded altar of an unknown god.
   424 | D:1      | Reached skill level 4 in Fighting
  1149 | D:2      | Reached skill level 1 in Ranged Weapons
  1149 | D:2      | Reached XP level 3. HP: 33/33 MP: 2/2
  1163 | D:2      | Found the +7 Kryia's mail coat {PotionHeal*2 rC+}
  1308 | D:2      | Reached ** piety under Trog
  1441 | D:2      | Found the +4 skin of Zhor {*Englaciate rC+++ SInv}
  1499 | D:2      | Reached XP level 4. HP: 41/41 MP: 3/3
  1542 | D:2      | Reached skill level 5 in Axes
  1542 | D:2      | Reached skill level 1 in Polearms
  1880 | D:3      | Found Foucuos's Armour Shoppe.
  2056 | D:3      | Reached skill level 2 in Ranged Weapons
  2082 | D:3      | Noticed Robin
  2097 | D:3      | Killed Robin
  2098 | D:3      | Reached XP level 5. HP: 47/47 MP: 4/4
  2330 | D:3      | Found a runed translucent door.
  2331 | D:3      | Noticed Crazy Yiuf
  2399 | D:3      | Reached skill level 2 in Polearms
  2405 | D:3      | Noticed Jessica
  2443 | D:3      | Found a sparkling altar of Nemelex Xobeh.
  2446 | D:3      | Killed Jessica
  2447 | D:3      | Reached skill level 5 in Fighting
  2696 | D:4      | Noticed a phantom
  2703 | D:4      | Killed a phantom
  2704 | D:4      | Reached XP level 6. HP: 56/56 MP: 5/5
  2827 | D:4      | Reached *** piety under Trog
  2842 | D:4      | Reached skill level 3 in Ranged Weapons
  2896 | D:4      | Noticed Pikel
  2904 | D:4      | Killed Pikel
  2905 | D:4      | Reached skill level 6 in Fighting
  2905 | D:4      | Reached skill level 6 in Axes
  2905 | D:4      | Reached skill level 4 in Polearms
  2905 | D:4      | Reached skill level 4 in Ranged Weapons
  2905 | D:4      | Reached XP level 7. HP: 54/64 MP: 6/6
  3343 | D:5      | Entered Level 5 of the Dungeon
  3490 | D:5      | Noticed Menkaure
  3495 | D:5      | Killed Menkaure
  3496 | D:5      | Reached skill level 7 in Axes
  3496 | D:5      | Reached skill level 5 in Polearms
  3496 | D:5      | Reached XP level 8. HP: 71/71 MP: 7/7
  3715 | D:5      | Reached skill level 1 in Evocations
  4119 | D:6      | Reached skill level 5 in Ranged Weapons
  4121 | D:6      | Reached skill level 7 in Fighting
  4132 | D:6      | Reached skill level 6 in Polearms
  4391 | D:6      | Noticed Duvessa
  4391 | D:6      | Noticed Dowan
  4413 | D:6      | Killed Duvessa
  4414 | D:6      | Reached skill level 2 in Evocations
  4416 | D:6      | Killed Dowan
  4517 | D:6      | Found a shimmering altar of Xom.
  4518 | D:6      | Found a shimmering altar of Xom.
  4545 | D:6      | Found a shimmering altar of Xom.
  4545 | D:6      | Found a shimmering altar of Xom.
  4556 | D:6      | Reached skill level 7 in Polearms
  4556 | D:6      | Reached XP level 9. HP: 36/79 MP: 8/8
  4995 | D:6      | Found a snail-covered altar of Cheibriados.
  5112 | D:7      | Reached skill level 8 in Axes
  5399 | D:7      | Found an ornate altar of the Wu Jian Council.
  5553 | D:7      | Reached skill level 3 in Evocations
  5580 | D:7      | Reached skill level 6 in Ranged Weapons
  5582 | D:7      | Reached skill level 8 in Polearms
  5586 | D:7      | Reached skill level 8 in Fighting
  5718 | D:7      | Found a staircase to the Ecumenical Temple.
  5891 | D:7      | Identified the ring of Elediaff {+Blink rN+ Will+ Str-4}
  6157 | D:8      | Noticed Maurice
  6176 | D:8      | Reached skill level 9 in Polearms
  6180 | D:8      | Killed Maurice
  6181 | D:8      | Reached XP level 10. HP: 79/90 MP: 9/9
  6238 | D:8      | Reached skill level 4 in Evocations
  7096 | D:8      | Reached skill level 9 in Axes
  7098 | D:8      | Noticed Psyche
  7111 | D:8      | Killed Psyche
  7112 | D:8      | Reached skill level 7 in Ranged Weapons
  7489 | D:8      | Found a sacrificial altar of Ru.
  7852 | D:9      | Reached skill level 9 in Fighting
  7985 | D:9      | Reached skill level 10 in Axes
  7991 | D:9      | Reached **** piety under Trog
  8017 | D:9      | Reached skill level 5 in Evocations
  8415 | D:9      | Reached skill level 8 in Ranged Weapons
  8682 | D:9      | Noticed Prince Ribbit
  8694 | D:9      | Killed Prince Ribbit
  8843 | D:9      | Found a staircase to the Lair.
  8932 | D:9      | Reached XP level 11. HP: 98/99 MP: 10/10
  8939 | D:9      | Reached skill level 11 in Axes
  9106 | D:10     | Entered Level 10 of the Dungeon
  9250 | D:10     | Noticed Joseph
  9266 | D:10     | Killed Joseph
  9267 | D:10     | Reached skill level 10 in Fighting
  9579 | D:10     | Noticed a two-headed ogre
  9597 | D:10     | Killed a two-headed ogre
  9598 | D:10     | Reached skill level 1 in Shields
  9791 | D:10     | Reached skill level 2 in Shields
  9942 | Lair:1   | Entered Level 1 of the Lair of Beasts
 10056 | Lair:1   | Reached skill level 6 in Evocations
 10915 | Lair:2   | Reached skill level 12 in Axes
 10958 | Lair:2   | Reached skill level 9 in Ranged Weapons
 10958 | Lair:2   | Reached skill level 3 in Shields
 11188 | Lair:2   | Reached skill level 3 in Armour
 11482 | Lair:2   | Reached skill level 4 in Shields
 11701 | Lair:2   | Reached skill level 4 in Armour
 11701 | Lair:2   | Reached XP level 12. HP: 108/108 MP: 11/11
 12251 | Lair:2   | Found a staircase to the Swamp.
 12271 | Lair:2   | HP: 9/162 [tyrant leech (29)]
 12274 | Lair:2   | Slain by a tyrant leech

Vanquished Creatures
  A two-headed ogre (D:10)
  Pikel (D:4)
  Joseph (D:10)
  Maurice (D:8)
  A black mamba (Lair:2)
  A cane toad (Lair:2)
  2 rime drakes (Lair:2)
  Psyche (D:8)
  5 komodo dragons
  3 trolls
  A hornet (D:9)
  2 tyrant leeches (Lair:2)
  Prince Ribbit (D:9)
  A wraith (D:10)
  36 yaks
  3 wyverns
  2 steam dragons
  Menkaure (D:5)
  A swamp worm (Lair:2)
  A naga (D:8)
  An acid dragon (D:9)
  Duvessa (D:6)
  4 water moccasins
  4 orc warriors
  A black bear (Lair:2)
  A sky beast (D:7)
  3 centaurs
  4 wolves (Lair:1)
  3 phantoms
  A kobold brigand (D:9)
  9 bullfrogs
  2 wights (D:8)
  Dowan (D:6)
  8 killer bees
  6 howler monkeys
  6 orc priests
  4 hounds
  3 jellies
  3 iguanas
  Jessica (D:3)
  7 orc wizards
  Robin (D:3)
  6 gnolls
  8 adders
  2 ufetubi
  4 worms
  A dart slug (D:2)
  23 orcs
  5 ball pythons
  7 bats
  7 endoplasms
  3 giant cockroaches
  14 goblins
  9 hobgoblins
  6 jackals
  9 kobolds
  A quokka (D:2)
  13 frilled lizards
  6 rats
264 creatures vanquished.

Vanquished Creatures (collateral kills)
  3 kobolds (D:9)
3 creatures vanquished.

Vanquished Creatures (others)
  A killer bee (D:9)
  A kobold (D:9)
  13 fungi
  15 plants
30 creatures vanquished.

Grand Total: 297 creatures vanquished

Table legend: (Time is in decaauts)
 A = Elapsed time spent in this place.
 B = Non-inter-level travel time spent in this place.
 C = Inter-level travel time spent in this place.
 D = Time resting spent in this place.
 E = Time spent auto-exploring this place.
 F = Levels seen in this place.
 G = Mean time per level.
                   A        B        C        D        E       F      G
               +--------+--------+--------+--------+--------+-----+--------+
         Total |  12538 |  12182 |    356 |   2470 |   7600 |  12 | 1044.8 |
       Dungeon |  10208 |   9881 |    327 |   1845 |   6183 |  10 | 1020.8 |
          Lair |   2330 |   2302 |     28 |    624 |   1417 |   2 | 1165.0 |
               +--------+--------+--------+--------+--------+-----+--------+

Top non-repeatable levels by time:
     D:8: 1646 daAuts
     D:9: 1412 daAuts
  Lair:2: 1362 daAuts
     D:6: 1253 daAuts
     D:1: 1146 daAuts
  Lair:1: 967 daAuts
     D:3: 833 daAuts
     D:7: 826 daAuts
    D:10: 816 daAuts
     D:2: 779 daAuts
     D:5: 769 daAuts
     D:4: 724 daAuts

Table legend:
 A = Non-vault XP
 B = Vault XP
 C = Vault XP percentage of total XP
 D = Non-vault monster count
 E = Vault monster count
 F = Vault count percentage of total count
                 A         B        C        D         E       F
            +---------+---------+-------+---------+---------+-------
      Total |   17933 |    5536 |  23.6 |     217 |      50 |  18.7
            +---------+---------+-------+---------+---------+-------
        D:1 |      34 |       0 |   0.0 |      19 |       0 |   0.0
        D:2 |     103 |      12 |  10.4 |      20 |      11 |  35.5
        D:3 |      96 |      73 |  43.2 |      20 |      12 |  37.5
        D:4 |     240 |     663 |  73.4 |      19 |       1 |   5.0
        D:5 |     378 |     175 |  31.6 |      12 |       1 |   7.7
        D:6 |     850 |     216 |  20.3 |      17 |       2 |  10.5
        D:7 |    1889 |       0 |   0.0 |      19 |       0 |   0.0
        D:8 |    1014 |    1072 |  51.4 |      16 |      10 |  38.5
        D:9 |    3997 |    1350 |  25.2 |      29 |       7 |  19.4
       D:10 |    2502 |     471 |  15.8 |      12 |       1 |   7.7
     Lair:1 |    1132 |       0 |   0.0 |       8 |       0 |   0.0
     Lair:2 |    5698 |    1504 |  20.9 |      26 |       5 |  16.1
            +---------+---------+-------+---------+---------+-------
